 Dungeon Crawl Stone Soup version 0.23.2 (webtiles) character file.

Game seed: 2862481391790930251

85 PikkenKukken the Skirmisher (level 4, -2/37 HPs)
             Began as a Formicid Abyssal Knight on Apr 7, 2019.
             Was a Believer of Lugonu.
             Slain by a phantom (6 damage)
             ... on level 3 of the Dungeon.
             The game lasted 00:07:17 (2947 turns).

PikkenKukken the Skirmisher (FoAK)                  Turns: 2947, Time: 00:07:17

Health: -2/37      AC: 10    Str: 17    XL:     4   Next: 75%
Magic:  6/6        EV:  7    Int: 12    God:    Lugonu [**....]
Gold:   87         SH:  0    Dex: 10    Spells: 3/3 levels left

rFire    . . .     SeeInvis +   a - +2 hand axe
rCold    . . .     Gourm    .   (no shield)
rNeg     . . .     Faith    .   l - +0 chain mail
rPois    .         Spirit   .   (helmet unavailable)
rElec    .         Reflect  .   (no cloak)
rCorr    .         Harm     .   b - +0 pair of gloves
MR       .....                  (no boots)
Stlth    ..........             (no amulet)
HPRegen  0.12/turn              (no ring)
MPRegen  0.10/turn              (no ring)

@: no status effects
A: permanent stasis, dig shafts and tunnels, four strong arms, antennae 3
a: Dig, Shaft Self, Depart the Abyss, Bend Space, Renounce Religion


You were on level 3 of the Dungeon.
You worshipped Lugonu.
Lugonu was pleased with you.
You were not hungry.

You visited 1 branch of the dungeon, and saw 3 of its levels.
You visited the Abyss 1 time.

You collected 87 gold pieces.

Inventory:

Hand Weapons
 a - a +2 hand axe (weapon)
Armour
 b - a +0 pair of gloves (worn)
 l - a +0 chain mail (worn)
 n - a +0 buckler
Jewellery
 e - an uncursed ring of magical power {unknown}
 i - an uncursed ring of resist corrosion {unknown}
Scrolls
 d - 2 scrolls of enchant weapon
 f - 3 scrolls of teleportation {unknown}
 j - a scroll of amnesia {unknown}
 k - a scroll of random uselessness {unknown}
Comestibles
 c - a ration


   Skills:
 + Level 3.7 Fighting
 * Level 3.0 Axes
 + Level 2.8 Armour
 + Level 1.7 Dodging
 + Level 3.0 Invocations


You had 3 spell levels left.
You didn't know any spells.
Your spell library was empty.

Dungeon Overview and Level Annotations

Branches:
Dungeon (3/15)

Altars:
The Shining One


Innate Abilities, Weirdness & Mutations

You cannot be hasted, slowed, berserked, paralysed or teleported.
You can dig through walls and to a lower floor.
Your four strong arms can wield two-handed weapons with a shield.
You have a pair of large antennae on your head. (SInv)


Message History

The phantom hits you but does no damage.
You hit the phantom.
The phantom is heavily damaged.
The phantom blinks!
You hit the phantom but do no damage.
The phantom is heavily damaged.
The phantom hits you but does no damage.
You closely miss the phantom.
The phantom is heavily damaged.
The phantom hits you!
* * * LOW HITPOINT WARNING * * *
The phantom hits you but does no damage.
You hit the phantom.
The phantom is heavily damaged.
The phantom hits you.
* * * LOW HITPOINT WARNING * * *
Your chain mail prevents you from hitting the phantom.
The phantom is heavily damaged.
The phantom hits you.
You die...

..........##...# #..
............#..# #..
..........#.#..## ##.
......††..#.....## ##
......#..†##...?.# #
.......#....)#...# #
.....h.#..#...#..### #
.......##.)...#....###
# ......?
#.....@..#...# ##
......$ #.#...W...##.##
###. ......#
#...#.....##>.# ##...
.....#
#..##......##.#####..##
#..##)......#.......##
#....÷.........#....###
#..####.........(.÷....
#.. #...........÷.... #
##.######........


You could see a phantom.

Vanquished Creatures
  3 adders
  2 leopard geckos
  2 orcs (D:3)
  5 bats
  A giant cockroach (D:2)
  3 goblins
  4 hobgoblins
  11 jackals
  3 kobolds
  A quokka (D:3)
  2 ball pythons
  5 frilled lizards
  A quokka zombie (D:2)
  9 rats
52 creatures vanquished.

Notes
Turn   | Place    | Note
-------+----------+-------------------------------------------
     0 | Abyss:1  | PikkenKukken the Formicid Abyssal Knight began the quest
                  | for the Orb.
     0 | Abyss:1  | Reached XP level 1. HP: 18/18 MP: 2/2
    66 | Abyss:1  | Noticed a golden eye
   163 | D:1      | Escaped the Abyss
   537 | D:1      | Reached * piety under Lugonu
   537 | D:1      | Reached skill level 1 in Dodging
   540 | D:1      | Reached XP level 2. HP: 17/24 MP: 3/3
   751 | D:1      | You fall through a shaft!
   857 | D:2      | Reached XP level 3. HP: 13/29 MP: 4/4
  1153 | D:2      | Found a glowing golden altar of the Shining One.
  2561 | D:3      | Reached XP level 4. HP: 36/36 MP: 6/6
  2689 | D:3      | Reached ** piety under Lugonu
  2856 | D:3      | Noticed a phantom
  2947 | D:3      | Slain by a phantom

Skill      XL: |  1  2  3  4 |
---------------+-------------+-----
Dodging        | 1 |  1.7
Axes           | 3 |  3.0
Invocations    | 3 |  3.0
Fighting       | |  3.7
Armour         | |  2.8

Action                   |  1- 3 |  4- 6 || total
-------------------------+-------+-------++-------
Melee: Hand axe          |   122 |    95 ||   217
Invok: Depart the Abyss  |     1 |       ||     1
 Abil: Dig               |       |     1 ||     1
  Use: Potion            |       |     2 ||     2
       Scroll            |       |     1 ||     1
  Eat: Chunk             |     3 |       ||     3
       Ration            |     1 |       ||     1
Armor: Leather armour    |    31 |       ||    31
       Chain mail        |       |    72 ||    72
Dodge: Dodged            |    79 |    44 ||   123
